Map: Orbital Shipyard

Players

Geeden

  • Race: Zerg Zerg

Bop - Winner!

  • Race: Protoss Protoss

VOD

Have the link to the VOD?

Description

Time

  • Played on: May 7, 2015, 3:56 a.m.
  • Length: 5:10
Show
View Real Time Build Order
Export as new Build Order

Geeden Zerg 

Build Orders: Hatch First 

Get SALT Encoding   

  12  0:01  Drone  
  13  0:08  Drone  
  14  0:19  Drone, Extractor  
  14  0:20  Extractor  
  13  0:22  Drone  
  13  0:28  Overlord  
  16  0:59  Hatchery, Drone x2  
  16  1:00  Drone  
  18  1:16  Spawning Pool  
  17  1:18  Drone  
  18  1:33  Overlord  
  18  1:34  Drone  
  19  1:43  Drone  
  20  1:49  Extractor  
  19  1:56  Drone  
  20  2:03  Queen  
  20  2:04  Zergling x2  
  23  2:13  Queen  
  23  2:14  Zergling x2  
  26  2:21  Drone  
  26  2:22  Drone  
  28  2:29  Roach Warren  
  27  2:37  Drone x2  
  27  2:40  Queen  
  31  2:54  Hatchery  
  30  3:00  Drone x3  
  32  3:10  Roach  
  32  3:11  Overlord  
  34  3:15  Roach, Extractor  
  36  3:33  Roach x2  
  40  3:34  Ravager  
  40  3:38  Drone x3  
  43  3:42  Drone, Extractor  
  43  3:48  Overlord  
  43  3:58  Overlord  
  43  4:04  Lair  
  43  4:10  Roach  
  43  4:11  Roach  
  43  4:13  Drone x6  
  53  4:29  Roach x2  
  53  4:30  Roach  
  59  4:40  Ravager  
  59  4:43  Drone  
  59  4:44  Overlord  
  63  4:45  Drone x3  
  63  4:46  Drone  
Show
View Real Time Build Order
Export as new Build Order

Bop Protoss - Winner!

Build Orders: Nexus First, Mass Adepts 

Get SALT Encoding   

  12  0:01  Probe  
  13  0:13  Probe  
  14  0:42  Nexus  
  14  0:52  Pylon  
  14  1:10  Gateway  
  14  1:13  Probe (Chrono Boost)  
  15  1:20  Assimilator  
  15  1:23  Probe (Chrono Boost)  
  16  1:30  Probe (Chrono Boost)  
  17  1:39  Probe (Chrono Boost)  
  18  1:47  Probe (Chrono Boost)  
  19  1:57  Probe (Chrono Boost)  
  19  1:58  Cybernetics Core  
  19  2:00  Gateway  
  20  2:05  Zealot  
  20  2:07  Probe  
  23  2:10  Probe  
  24  2:22  Probe x2  
  26  2:28  Pylon  
  26  2:35  Warp Gate (Chrono Boost)  
  28  2:38  Probe, Adept (Chrono Boost)  
  28  2:40  Probe  
  30  2:50  Probe  
  30  2:51  Adept (Chrono Boost)  
  33  2:52  Probe (Chrono Boost)  
  36  2:59  Adept (Chrono Boost)  
  36  3:02  Probe (Chrono Boost)  
  36  3:04  Probe (Chrono Boost)  
  38  3:07  Pylon  
  40  3:13  Probe (Chrono Boost)  
  40  3:14  Probe (Chrono Boost), Adept  
  40  3:18  Pylon  
  42  3:29  Gateway  
  42  3:31  Gateway  
  43  3:34  Probe x2  
  44  3:51  Probe x2  
  44  3:52  Gateway  
  44  3:54  Gateway  
  46  4:08  Pylon  
  46  4:09  Pylon  
  46  4:12  Gateway  
  46  4:13  Gateway  
  46  4:24  Adept x2  
  50  4:26  Adept x2  
  54  4:42  Stalker x2  
  54  4:45  Stalker x2  
  62  4:50  Adept x2  
  66  4:55  Pylon x2  
  66  5:04  Adept  
Tags
 
Add a new tag
Caveats
  • Supply blocks, unpowered buildings, or Contaminate may cause inaccurate times.
  • Supply counts are checked every 10 seconds.